 Dungeon Crawl Stone Soup version 0.19.5 (webtiles) character file.

70 tof the Conjurer (level 4, -1/33 HPs)
             Began as a Draconian Conjurer on Mar 12, 2017.
             Slain by a worker ant (5 damage)
             ... on level 3 of the Dungeon.
             The game lasted 00:08:54 (2319 turns).

tof the Conjurer (Draconian Conjurer)               Turns: 2319, Time: 00:08:56

Health: -1/33      AC:  9    Str: 10    XL:     4   Next: 3%
Magic:  1/7        EV: 12    Int: 17    God:
Gold:   152        SH:  0    Dex: 11    Spells: 2 memorised, 4 levels left

rFire  . . .     SeeInvis .     (no weapon)
rCold  . . .     Gourm    .     (armour unavailable)
rNeg   . . .     Faith    .     (no shield)
rPois  .         Spirit   .     (helmet restricted)
rElec  .         Reflect  .     (no cloak)
rCorr  .         Harm     .     (no gloves)
MR     .....                    h - +0 pair of boots
Stlth  +.........               r - amulet of inaccuracy (curse)
                                m - ring of loudness (curse)
                                e - +3 ring of protection

@: no status effects
A: unfitting armour, cold-blooded, AC +5
a: no special abilities


You were on level 3 of the Dungeon.
You were hungry.

You visited 1 branch of the dungeon, and saw 4 of its levels.

You collected 152 gold pieces.

Inventory:

Armour
 h - a +0 pair of boots (worn)
Jewellery
 e - a +3 ring of protection (left hand)
 i - an uncursed ring of poison resistance
 l - an uncursed ring of stealth
 m - a cursed ring of loudness (right hand)
 r - a cursed amulet of inaccuracy (around neck)
Scrolls
 d - 2 scrolls of identify
 p - 3 scrolls of fog
Potions
 c - 3 potions of curing {unknown}
 f - 2 potions of resistance
 g - a potion of degeneration {unknown}
 k - a potion of invisibility {unknown}
 n - a potion of cancellation {unknown}
Books
 a - a book of Conjurations

   Spells                             Type                      Level
   a - Magic Dart                     Conjuration                  1
   b - Searing Ray                    Conjuration                  2
   c - Dazzling Spray                 Conjuration/Hexes            3
   d - Fulminant Prism                Conjuration/Hexes            4
   e - Iskenderun's Mystic Blast      Conjuration                  4
   f - Iskenderun's Battlesphere      Conjuration/Charms           5
Comestibles
 b - 4 bread rations
 j - a beef jerky
 o - a royal jelly
 q - 3 chunks of flesh


   Skills:
 + Level 2.6 Dodging
 + Level 2.3 Stealth
 + Level 2.5 Spellcasting
 * Level 4.4 Conjurations


You had 4 spell levels left.
You knew the following spells:

 Your Spells              Type           Power        Failure   Level  Hunger
a - Magic Dart            Conj           ###.         2%          1    #......
b - Dazzling Spray        Conj/Hex       #.....       24%         3    ###....


Dungeon Overview and Level Annotations

Branches:
Dungeon (4/15)
 Temple: D:4-7

Altars:

Annotations:
D:3 tricornhat's ghost, weakling DsBe


Innate Abilities, Weirdness & Mutations

Your plain brown scales are hard. (AC +5)
You cannot fit into any form of body armour.
You are cold-blooded and may be slowed by cold attacks.


Message History

Aiming: Magic Dart
Press: ? - help, Shift-Dir - straight line, f/p - worker ant
Aim: a worker ant The magic dart hits the worker ant.
The worker ant is lightly wounded.
Casting: Magic Dart
Confirm with . or Enter, or press ? or * to list all spells.
You don't have enough magic to cast that spell.
Found 6 gold pieces.
The worker ant bites you but does no damage.
There is a stone staircase leading up here.
The worker ant bites you but does no damage.
You climb upwards.
Level annotation: tricornhat's ghost, weakling DsBe A gnoll comes into view.
It is wielding a spear.
There is a stone staircase leading down here.
The gnoll shouts!
The gnoll moves out of view.
The worker ant bites you.
You die...

###### ..#.. ## #.#.#
##### .. #.#.# .....
#. #@#.### .....
#.##a....# .....
#........############
#..>(................
#g#.#....########.[..
...#.#....# #....
.... #(#....# #....
#.#. #.#....# ###..
#.#####.#....# #..


You could see a worker ant and a gnoll.

Vanquished Creatures
  3 adders
  2 oozes (D:3)
  2 dart slugs (D:1)
  A leopard gecko (D:1)
  A giant cockroach (D:3)
  3 hobgoblins
  5 bats
  3 frilled lizards
  5 goblins
  4 kobolds
  3 rats
32 creatures vanquished.

Notes
Turn   | Place    | Note
-------+----------+-------------------------------------------
     0 | D:1      | tof the Draconian Conjurer began the quest for the Orb.
     0 | D:1      | Reached XP level 1. HP: 14/14 MP: 3/3
   426 | D:1      | Reached XP level 2. HP: 20/20 MP: 1/5
  1405 | D:2      | Reached XP level 3. HP: 25/26 MP: 0/6
  1480 | D:2      | Learned a level 3 spell: Dazzling Spray
  2215 | D:3      | Reached XP level 4. HP: 33/33 MP: 3/7
  2286 | D:3      | Noticed tricornhat's ghost (weakling DsBe)
  2319 | D:3      | Slain by a worker ant

Skill      XL: |  1 |
---------------+----+-----
Dodging        | 2 |  2.6
Stealth        | 2 |  2.3
Spellcasting   | |  2.5
Conjurations   | |  4.4

Action                   |  1- 3 |  4- 6 || total
-------------------------+-------+-------++-------
Melee: Unarmed           |    24 |    10 ||    34
       Tailslap          |     2 |     1 ||     3
 Cast: Magic Dart        |    74 |    10 ||    84
       Dazzling Spray    |     1 |       ||     1
  Use: Scroll            |     7 |       ||     7
  Eat: Chunk             |     5 |       ||     5
Armor: Skin              |     9 |     4 ||    13
Dodge: Dodged            |    15 |     5 ||    20
